TOP OF THE 1ST |
Cincinnati Pride batting - Pitching for Barry's Bay Orioles : RHP Juan Gutiérrez
|
Pitching: RHP Juan Gutiérrez
|
|
Batting: SHB Nick Marshall
|
0-0: Called Strike 0-1: Ball 1-1: Ball 2-1: Ball 3-1: Called Strike 3-2: Fly out, F9 (Flyball, 9M)
|
Batting: LHB Ricardo Brandariz
|
0-0: Ball 1-0: Ball 2-0: Fly out, F7 (Flyball, 7M)
|
Batting: RHB Fernando Díaz
|
0-0: Swinging Strike 0-1: Called Strike 0-2: Strikes out swinging
|
Top of the 1st over - 0 run(s), 0 hit(s), 0 error(s), 0 left on base; Cincinnati 0 - Barry's Bay 0 |
BOTTOM OF THE 1ST |
Barry's Bay Orioles batting - Pitching for Cincinnati Pride : RHP Javier González
|
Pitching: RHP Javier González
|
|
Batting: RHB Thomas Christopher
|
0-0: Ground out 6-3 (Groundball, 6)
|
Batting: RHB Yaichiro Sugahara
|
0-0: Ball 1-0: Foul Ball, location: 2F 1-1: Foul Ball, location: 2F 1-2: Foul Ball, location: 2F 1-2: Foul Ball, location: 2F 1-2: Ball 2-2: Strikes out swinging
|
Batting: LHB Joaquín González
|
0-0: Ball 1-0: Called Strike 1-1: Ball 2-1: Ball 3-1: Fly out, F8 (Line Drive, 8LS)
|
Bottom of the 1st over - 0 run(s), 0 hit(s), 0 error(s), 0 left on base; Cincinnati 0 - Barry's Bay 0 |
TOP OF THE 2ND |
Cincinnati Pride batting - Pitching for Barry's Bay Orioles : RHP Juan Gutiérrez
|
Batting: LHB Robin Hill
|
0-0: Hit by Pitch
|
Batting: RHB Francisco Rincón
|
0-0: Ball 1-0: Ball Robin Hill is caught stealing 2nd base 2-0: Called Strike 2-1: Fly out, F8 (Flyball, 8LD)
|
Batting: RHB Peter Sexton
|
0-0: Ball 1-0: Foul Ball, location: 2F 1-1: Fly out, F3 (Popup, 13S)
|
Top of the 2nd over - 0 run(s), 0 hit(s), 0 error(s), 0 left on base; Cincinnati 0 - Barry's Bay 0 |
BOTTOM OF THE 2ND |
Barry's Bay Orioles batting - Pitching for Cincinnati Pride : RHP Javier González
|
Batting: RHB Paul Spencer
|
0-0: Foul Ball, location: 2F 0-1: Ball 1-1: Ball 2-1: Ball 3-1: Ground out 4-3 (Groundball, 4M)
|
Batting: LHB Javier Orozco
|
0-0: Ball 1-0: Ball 2-0: SOLO HOME RUN (Flyball, 9LD), Distance : 310 ft
|
Batting: RHB Manuel Pérez
|
0-0: Ball 1-0: Foul Ball, location: 2F 1-1: Ground out U3 (Groundball, 3)
|
Batting: RHB Jeff Stevenson
|
0-0: Ground out 6-3 (Groundball, 6S)
|
Bottom of the 2nd over - 1 run(s), 1 hit(s), 0 error(s), 0 left on base; Cincinnati 0 - Barry's Bay 1 |
TOP OF THE 3RD |
Cincinnati Pride batting - Pitching for Barry's Bay Orioles : RHP Juan Gutiérrez
|
Batting: RHB Leonardo Pinto
|
0-0: Foul Ball, location: 2F 0-1: Swinging Strike 0-2: Ball 1-2: Ball 2-2: Strikes out swinging, 2-3 out at first.
|
Batting: RHB Alden Isenhood
|
0-0: Ball 1-0: Ball 2-0: Foul Ball, location: 2F 2-1: Fly out, F8 (Flyball, 78M)
|
Batting: SHB Larry Peterson
|
0-0: Fly out, F7 (Line Drive, 78M)
|
Top of the 3rd over - 0 run(s), 0 hit(s), 0 error(s), 0 left on base; Cincinnati 0 - Barry's Bay 1 |
BOTTOM OF THE 3RD |
Barry's Bay Orioles batting - Pitching for Cincinnati Pride : RHP Javier González
|
Batting: RHB Pedro Molina
|
0-0: Ball 1-0: Ground out 5-3 (Groundball, 56)
|
Batting: RHB Enrico Ramos
|
0-0: Ball 1-0: Ball 2-0: Swinging Strike 2-1: SINGLE (Line Drive, 6MD)
|
Batting: RHB Thomas Christopher
|
0-0: Fly out, F8 (Flyball, 89D)
|
Batting: RHB Yaichiro Sugahara
|
0-0: Ball 1-0: SINGLE (Groundball, 4MD) Enrico Ramos to second Runner from 2nd tries for 3rd, SAFE, throw made to third
|
Batting: LHB Joaquín González
|
0-0: Ball 1-0: Ball 2-0: DOUBLE (Groundball, 3L) Enrico Ramos scores Yaichiro Sugahara to third
|
Batting: RHB Paul Spencer
|
0-0: Swinging Strike 0-1: Called Strike 0-2: Ball 1-2: Ground out 1-3 (Groundball, 15)
|
Bottom of the 3rd over - 1 run(s), 3 hit(s), 0 error(s), 2 left on base; Cincinnati 0 - Barry's Bay 2 |
TOP OF THE 4TH |
Cincinnati Pride batting - Pitching for Barry's Bay Orioles : RHP Juan Gutiérrez
|
Batting: SHB Nick Marshall
|
0-0: Ball 1-0: DOUBLE (Line Drive, 7LS)
|
Batting: LHB Ricardo Brandariz
|
0-0: Ball 1-0: Ball 2-0: Called Strike 2-1: Ball 3-1: Base on Balls
|
Batting: RHB Fernando Díaz
|
0-0: Ball 1-0: Called Strike 1-1: Called Strike 1-2: Ball 2-2: Foul Ball, location: 2F 2-2: Ball 3-2: Strikes out swinging
|
Batting: LHB Robin Hill
|
0-0: Called Strike 0-1: Fly out, F7 (Flyball, 78S)
|
Batting: RHB Francisco Rincón
|
0-0: Swinging Strike 0-1: Ball 1-1: Foul Ball, location: 2F 1-2: Ball 2-2: Strikes out swinging
|
Top of the 4th over - 0 run(s), 1 hit(s), 0 error(s), 2 left on base; Cincinnati 0 - Barry's Bay 2 |
BOTTOM OF THE 4TH |
Barry's Bay Orioles batting - Pitching for Cincinnati Pride : RHP Javier González
|
Batting: LHB Javier Orozco
|
0-0: Foul Ball, location: 2F 0-1: Fly out, F9 (Line Drive, 89M)
|
Batting: RHB Manuel Pérez
|
0-0: Called Strike 0-1: Called Strike 0-2: Ball 1-2: Strikes out swinging
|
Batting: RHB Jeff Stevenson
|
0-0: Foul Ball, location: 2F 0-1: Called Strike 0-2: Ball 1-2: Ground out 6-3 (Groundball, 6)
|
Bottom of the 4th over - 0 run(s), 0 hit(s), 0 error(s), 0 left on base; Cincinnati 0 - Barry's Bay 2 |
TOP OF THE 5TH |
Cincinnati Pride batting - Pitching for Barry's Bay Orioles : RHP Juan Gutiérrez
|
Batting: RHB Peter Sexton
|
0-0: Fly out, F7 (Line Drive, 7S)
|
Batting: RHB Leonardo Pinto
|
0-0: Foul Ball, location: 2F 0-1: Ball 1-1: Foul Ball, location: 2F 1-2: Foul Ball, location: 2F 1-2: Strikes out swinging
|
Batting: RHB Alden Isenhood
|
0-0: Swinging Strike 0-1: Swinging Strike 0-2: Foul Ball, location: 2F 0-2: Ball 1-2: Strikes out swinging
|
Top of the 5th over - 0 run(s), 0 hit(s), 0 error(s), 0 left on base; Cincinnati 0 - Barry's Bay 2 |
BOTTOM OF THE 5TH |
Barry's Bay Orioles batting - Pitching for Cincinnati Pride : RHP Javier González
|
Batting: RHB Pedro Molina
|
0-0: Ball 1-0: Foul Ball, location: 2F 1-1: Called Strike 1-2: Ball 2-2: Ground out 6-3 (Groundball, 6)
|
Batting: RHB Enrico Ramos
|
0-0: Ball 1-0: Fly out, F8 (Flyball, 8RM)
|
Batting: RHB Thomas Christopher
|
0-0: Called Strike 0-1: Called Strike 0-2: Ball 1-2: Ball 2-2: Foul Ball, location: 2F 2-2: Fly out, F4 (Popup, 34D)
|
Bottom of the 5th over - 0 run(s), 0 hit(s), 0 error(s), 0 left on base; Cincinnati 0 - Barry's Bay 2 |
TOP OF THE 6TH |
Cincinnati Pride batting - Pitching for Barry's Bay Orioles : RHP Juan Gutiérrez
|
Batting: SHB Larry Peterson
|
0-0: Called Strike 0-1: Ball 1-1: Ball 2-1: SINGLE (Flyball, 89S)
|
Batting: SHB Nick Marshall
|
0-0: Ball 1-0: Swinging Strike 1-1: Ball 2-1: Called Strike 2-2: Ball 3-2: Fielders Choice at 2nd, 6-4 (Groundball, 6M)
|
Batting: LHB Ricardo Brandariz
|
0-0: Ball 1-0: Called Strike 1-1: Foul Ball, location: 2F 1-2: Fly out, F9 (Flyball, 9M)
|
Batting: RHB Fernando Díaz
|
0-0: Ball 1-0: Called Strike 1-1: Ball Nick Marshall steals 2nd base 2-1: Foul Ball, location: 2F 2-2: Strikes out swinging
|
Top of the 6th over - 0 run(s), 1 hit(s), 0 error(s), 1 left on base; Cincinnati 0 - Barry's Bay 2 |
BOTTOM OF THE 6TH |
Barry's Bay Orioles batting - Pitching for Cincinnati Pride : RHP Javier González
|
Batting: RHB Yaichiro Sugahara
|
0-0: Swinging Strike 0-1: Swinging Strike 0-2: Ball 1-2: Strikes out swinging
|
Batting: LHB Joaquín González
|
0-0: Foul Ball, location: 2F 0-1: Ground out 6-3 (Groundball, 6M)
|
Batting: RHB Paul Spencer
|
0-0: Ball 1-0: Foul Ball, location: 2F 1-1: Ground out U3 (Groundball, 3S)
|
Bottom of the 6th over - 0 run(s), 0 hit(s), 0 error(s), 0 left on base; Cincinnati 0 - Barry's Bay 2 |
TOP OF THE 7TH |
Cincinnati Pride batting - Pitching for Barry's Bay Orioles : RHP Juan Gutiérrez
|
Batting: LHB Robin Hill
|
0-0: Foul Ball, location: 2F 0-1: Ball 1-1: Ball 2-1: Ball 3-1: Base on Balls
|
Pitching: RHP Luis Pérez
|
|
Batting: RHB Francisco Rincón
|
0-0: Called Strike 0-1: Swinging Strike 0-2: Fly out, F6 (Line Drive, 6D)
|
Batting: RHB Peter Sexton
|
0-0: Ball Robin Hill steals 2nd base 1-0: Called Strike 1-1: Ball 2-1: Ball 3-1: Swinging Strike 3-2: Strikes out swinging
|
Batting: RHB Leonardo Pinto
|
0-0: Ball 1-0: Ball 2-0: Called Strike 2-1: Foul Ball, location: 2F 2-2: Foul Ball, location: 2F 2-2: Ball 3-2: Base on Balls
|
Batting: RHB Alden Isenhood
|
0-0: Ball Reached via error on a dropped throw, E3 Robin Hill to third Leonardo Pinto to second
|
Batting: SHB Larry Peterson
|
0-0: Foul Ball, location: 2F 0-1: Ball 1-1: Called Strike 1-2: Fly out, F7 (Flyball, 7LM)
|
Top of the 7th over - 0 run(s), 0 hit(s), 1 error(s), 3 left on base; Cincinnati 0 - Barry's Bay 2 |
BOTTOM OF THE 7TH |
Barry's Bay Orioles batting - Pitching for Cincinnati Pride : RHP Javier González
|
Batting: LHB Javier Orozco
|
0-0: Foul Ball, location: 2F 0-1: SINGLE (Flyball, 9LS)
|
Batting: RHB Manuel Pérez
|
0-0: Bunted foul 0-1: Bunted foul 0-2: SINGLE (Flyball, 89S) Javier Orozco to second
|
Batting: RHB Jeff Stevenson
|
0-0: Bunted foul 0-1: Sac Bunt - play at first, batter OUT! 5-4 Javier Orozco to third Manuel Pérez to second
|
Batting: RHB Pedro Molina
|
0-0: Ball 1-0: Swinging Strike 1-1: Foul Ball, location: 2F 1-2: Foul Ball, location: 2F 1-2: Foul Ball, location: 2F 1-2: Strikes out swinging
|
Pitching: RHP Tomás Pagán
|
|
Batting: RHB Enrico Ramos
|
0-0: Ball 1-0: Foul Ball, location: 2F 1-1: Called Strike 1-2: Foul Ball, location: 2F 1-2: Ball 2-2: Fly out, F9 (Flyball, 34D)
|
Bottom of the 7th over - 0 run(s), 2 hit(s), 0 error(s), 2 left on base; Cincinnati 0 - Barry's Bay 2 |
TOP OF THE 8TH |
Cincinnati Pride batting - Pitching for Barry's Bay Orioles : RHP Luis Pérez
|
Batting: SHB Nick Marshall
|
0-0: Called Strike 0-1: Foul Ball, location: 2F 0-2: Fly out, F8 (Flyball, 8RD)
|
Batting: LHB Ricardo Brandariz
|
0-0: Ball 1-0: Called Strike 1-1: Called Strike 1-2: Ball 2-2: Ball 3-2: Foul Ball, location: 2F 3-2: Ground out 5-3 (Groundball, 5S)
|
Pitching: RHP Dan Harris
|
|
Batting: RHB Fernando Díaz
|
0-0: Ball 1-0: Ball 2-0: Foul Ball, location: 2F 2-1: Foul Ball, location: 2F 2-2: Ball 3-2: Ground out 6-3 (Groundball, 6)
|
Top of the 8th over - 0 run(s), 0 hit(s), 0 error(s), 0 left on base; Cincinnati 0 - Barry's Bay 2 |
BOTTOM OF THE 8TH |
Barry's Bay Orioles batting - Pitching for Cincinnati Pride : RHP Tomás Pagán
|
Batting: RHB Thomas Christopher
|
0-0: Swinging Strike 0-1: Ball 1-1: Ball 2-1: SINGLE (Flyball, 9LS)
|
Batting: RHB Yaichiro Sugahara
|
0-0: Ball 1-0: Ball 2-0: Bunt missed! 2-1: Sac Bunt - play at first, batter OUT! 5-4 Thomas Christopher to second
|
Batting: LHB Joaquín González
|
0-0: Intentional Walk
|
Batting: RHB Paul Spencer
|
0-0: Ball 1-0: Called Strike Thomas Christopher steals 3rd base Joaquín González to second 1-1: Ball 2-1: Swinging Strike 2-2: Ball 3-2: Foul Ball, location: 2F 3-2: Foul Ball, location: 2F 3-2: Ground out 5-3 (Groundball, 5S)
|
Batting: LHB Javier Orozco
|
0-0: Foul Ball, location: 2F 0-1: Foul Ball, location: 2F 0-2: Strikes out swinging
|
Bottom of the 8th over - 0 run(s), 1 hit(s), 0 error(s), 2 left on base; Cincinnati 0 - Barry's Bay 2 |
TOP OF THE 9TH |
Cincinnati Pride batting - Pitching for Barry's Bay Orioles : RHP Dan Harris
|
Pitching: RHP Randy Pennell
|
|
Batting: LHB Robin Hill
|
0-0: Ball 1-0: Called Strike 1-1: Ball 2-1: SINGLE (Groundball, 56)
|
Batting: RHB Francisco Rincón
|
0-0: SINGLE (Groundball, 56D) (infield hit) Robin Hill to second
|
Batting: RHB Peter Sexton
|
0-0: Called Strike 0-1: Fly out, F8 (Flyball, 8RS)
|
Batting: RHB Leonardo Pinto
|
0-0: Called Strike 0-1: Ball 1-1: Fly out, F8 (Flyball, 8LS)
|
Batting: RHB Alden Isenhood
|
0-0: Ball 1-0: Ball 2-0: Called Strike 2-1: SINGLE (Groundball, 56D) Robin Hill to third Francisco Rincón to second Runner from 3rd tries for Home, SAFE, throw made at trailing runner, OUT at third!
|
Top of the 9th over - 1 run(s), 3 hit(s), 0 error(s), 1 left on base; Cincinnati 1 - Barry's Bay 2 |
|